 Dungeon Crawl Stone Soup version 0.24.0-1-gfbc8707 (webtiles) character file.

Game seed: 2337215590900492103, levelgen mode: deterministic

1029 Fang the Skirmisher (level 8, -3/52 HPs)
             Began as a Gargoyle Berserker on Nov 4, 2019.
             Was a Believer of Trog.
             Killed from afar by an orc wizard (10 damage)
             ... with a magic dart
             ... on level 6 of the Dungeon.
             The game lasted 00:04:20 (4643 turns).

Fang the Skirmisher (Gargoyle Berserker)            Turns: 4643, Time: 00:04:20

Health: -3/52      AC: 20    Str: 24    XL:     8   Next: 23%
Magic:  8/8        EV:  8    Int:  7    God:    Trog [**....]
Gold:   143        SH:  0    Dex:  9    Spells: 7/7 levels left

rFire    . . .     SeeInvis .   a - +0 hand axe
rCold    . . .     Gourm    .   (no shield)
rNeg     + . .     Faith    .   b - +0 plate armour
rPois    ∞         Spirit   .   n - +2 helmet
rElec    +         Reflect  .   (no cloak)
rCorr    .         Harm     .   (no gloves)
MR       .....                  (no boots)
Stlth    ..........             q - amulet of the acrobat
HPRegen  0.17/turn              (no ring)
MPRegen  0.11/turn              (no ring)

@: no status effects
A: negative energy resistance 1, electricity resistance, unbreathing,
petrification resistance, rot immunity, AC +5
a: Berserk, Trog's Hand, Renounce Religion


You were on level 6 of the Dungeon.
You worshipped Trog.
Trog was pleased with you.
You were not hungry.

You visited 1 branch of the dungeon, and saw 5 of its levels.

You collected 143 gold pieces.

Inventory:

Hand Weapons
 a - a +0 hand axe (weapon)
Armour
 b - a +0 plate armour (worn)
 n - a +2 helmet (worn)
Jewellery
 q - an amulet of the acrobat (around neck)
Wands
 s - a wand of polymorph (6)
 t - a wand of disintegration (18)
Scrolls
 e - a scroll of enchant weapon {unknown}
 f - 3 scrolls of immolation {unknown}
 i - 4 scrolls of identify {unknown}
 k - 2 scrolls of amnesia {unknown}
 l - 2 scrolls of teleportation {unknown}
 p - a scroll of random uselessness {unknown}
Potions
 d - a potion of flight {unknown}
 g - 3 potions of haste {unknown}
 h - 2 potions of brilliance {unknown}
 j - 3 potions of lignification {unknown}
 o - a potion of magic {unknown}
 r - a potion of curing {unknown}
 u - a potion of agility {unknown}
Comestibles
 c - 6 rations
 m - 4 chunks of flesh


   Skills:
 * Level 6.7 Fighting
 * Level 5.5 Axes
 + Level 4.8 Armour
 + Level 3.5 Dodging


You had 7 spell levels left.
You didn't know any spells.
Your spell library was empty.

Dungeon Overview and Level Annotations

Branches:
Dungeon (4/15)
 Temple: D:4-7

Altars:
Kikubaaqudgha
Qazlal

Shops:
D:6 :


Innate Abilities, Weirdness & Mutations

You are resistant to torment.
Your stone body is resilient. (AC +5)
You are immune to poison.
You resist negative energy. (rN+)
You are resistant to electric shocks. (rElec)
You can survive without breathing.
You are immune to petrification.
You are immune to rotting.


Message History

The orc wizard blinks!
The iguana bites you but does no damage.
You hit the iguana but do no damage.
The iguana bites you but does no damage.
You hit the iguana. The iguana closely misses you.
The iguana bites you but does no damage.
You hit the iguana but do no damage. The iguana barely misses you.
You hit the iguana.
You kill the iguana!
Trog accepts your kill.
The orc wizard casts a spell.
The orc wizard blinks!
You swing at nothing.
You swing at nothing.
The orc wizard mumbles some strange words.
The orc wizard blinks!
You swing at nothing.
The orc wizard gestures at you while chanting.
The magic dart hits you!
You die...

#.........#.#######.
#.......>... #.
#.)∩......# ###.
####...#### #...
#....# #####...
#)...# #.......
#)#### ####.##...P
#.# #........## #@#
##....##..#. #†#
##.....##..). #§#
#..........## #.#
##.....##.... #o#
##....##.... #..
#.......... ###.
##.#####.## #. #.#
#.# .# #.# ##.##


You could see an orc wizard.

Vanquished Creatures
  Grinder (D:3)
  An ice beast (D:3)
  An orc warrior (D:6)
  An ogre (D:4)
  A bullfrog (D:6)
  A bullfrog skeleton (D:4)
  2 orc priests (D:6)
  3 hounds
  2 iguanas
  3 orc wizards
  2 worker ants (D:4)
  7 adders
  A gnoll (D:1)
  An ooze (D:4)
  A worm (D:3)
  3 dart slugs (D:1)
  A leopard gecko (D:1)
  6 orcs
  3 bats
  6 giant cockroaches
  5 goblins
  8 hobgoblins
  5 jackals
  2 ball pythons (D:1)
  4 frilled lizards
  A jackal skeleton (D:6)
  5 kobolds
  4 rats
81 creatures vanquished.

Notes
Turn   | Place    | Note
-------+----------+-------------------------------------------
     0 | D:1      | Fang the Gargoyle Berserker began the quest for the Orb.
     0 | D:1      | Reached XP level 1. HP: 14/14 MP: 1/1
   473 | D:1      | Reached XP level 2. HP: 19/19 MP: 2/2
   748 | D:1      | Reached XP level 3. HP: 23/23 MP: 3/3
   890 | D:1      | You fall into a shaft and drop 1 floor!
  1524 | D:3      | Reached XP level 4. HP: 24/29 MP: 4/4
  1542 | D:3      | Noticed an ice beast
  1552 | D:3      | Killed an ice beast
  1552 | D:3      | Reached ** piety under Trog
  1552 | D:3      | Reached skill level 4 in Fighting
  1552 | D:3      | Reached XP level 5. HP: 34/34 MP: 5/5
  1590 | D:3      | Found an ancient bone altar of Kikubaaqudgha.
  1606 | D:3      | Found a stormy altar of Qazlal.
  1932 | D:3      | Reached XP level 6. HP: 29/40 MP: 6/6
  2237 | D:3      | Noticed Grinder
  2241 | D:3      | Paralysed by Grinder for 6 turns
  2256 | D:3      | Paralysed by Grinder for 5 turns
  2294 | D:3      | Killed Grinder
  2294 | D:3      | Reached skill level 5 in Fighting
  2294 | D:3      | Reached XP level 7. HP: 13/44 MP: 7/7
  4046 | D:4      | Reached skill level 6 in Fighting
  4054 | D:4      | Reached skill level 5 in Axes
  4102 | D:4      | You fall into a shaft and drop 2 floors!
  4375 | D:6      | Reached XP level 8. HP: 45/52 MP: 8/8
  4560 | D:6      | Found Miselipt's Book Boutique.
  4643 | D:6      | Killed from afar by an orc wizard

Levels and vault maps discovered:
D:1:      onia_arrival_pentagram, layout_basic, minmay_hedge_maze,
          chequers_big_river, roderic_lattice_a, dk_noncrumbling_2,
          minmay_cupped
D:2:      layout_loops_ring, kennysheep_generic_room_11
D:3:      layout_loops_ring, nicolae_qazlal_general_emergency,
          kiku_gazebo_garden_becter, uniq_grinder
D:4:      layout_gridville, kennysheep_mini_moat, evilmike_ruin_ashenzari,
          first_ration
D:6:      layout_loops_ring, old_standard_altar, serial_shops, shop,
          nicolae_shop_crystal, nicolae_shop_overgrown_old_shop,
          nicolae_shop_temple_entry_statues_fountains, kennysheep_mini,
          corexii_shack

Skill      XL: |  1  2  3  4  5  6  7 |
---------------+----------------------+-----
Axes           | 3 4 5 |  5.5
Dodging        | 2 3 |  3.5
Fighting       | 4 5 6 |  6.7
Armour         | 3 4 |  4.8

Action                   |  1- 3 |  4- 6 |  7- 9 || total
-------------------------+-------+-------+-------++-------
Melee: Hand axe          |   119 |   127 |   202 ||   448
Invok: Berserk           |     1 |     2 |     3 ||     6
       Trog's Hand       |       |     1 |       ||     1
  Eat: Chunk             |     3 |     3 |     6 ||    12
       Ration            |       |       |     2 ||     2
Armor: Animal skin       |    21 |     1 |       ||    22
       Plate armour      |       |   106 |   141 ||   247
Dodge: Dodged            |    63 |    47 |   111 ||   221
